[Event "FIDE WTC Prel-B 2022"]
[Site "Jerusalem"]
[Date "2022.11.20"]
[Round "1.22"]
[White "Sindarov, Javokhir"]
[Black "Radjabov, Teimour"]
[Result "1/2-1/2"]
[ECO "C50"]
[WhiteElo "2654"]
[BlackElo "2747"]
[Annotator "TA"]
[PlyCount "108"]
[EventDate "2022.11.20"]
[EventType "team-tourn"]
[EventCountry "ISR"]
[SourceTitle "playchess.com"]
[Source "ChessBase"]
[SourceQuality "1"]
[WhiteTeam "Uzbekistan"]
[BlackTeam "Azerbaijan"]
[WhiteTeamCountry "UZB"]
[BlackTeamCountry "AZE"]
[TimeControl "2700+10"]

1. e4 e5 2. Nf3 Nc6 3. Bc4 Bc5 4. d3 Nf6 5. Nc3 h6 6. h3 a6 7. O-O {[%emt 0:00:37] 7.Be3 is a critical line.} d6 8. a4 O-O 9. Be3 {[%emt 0:00:02] C50: Hungarian Defence and Giuoco Pianissimo.} Bxe3 10. fxe3 Be6 11. Nd2 {[%emt 0:00:04] [#]} Nd7 $146 ({Predecessor:} 11... Bxc4 12. Nxc4 d5 13. exd5 Nxd5 14. e4 Nf4 15. Kh2 Ng6 16. a5 Qd7 17. Nd5 Nce7 {1-0 (54) Alekseenko,K (2707)-Le,Q (2728) Chess.com INT 2022}) 12. a5 Qg5 13. Rf3 Ne7 14. d4 Bxc4 15. Nxc4 Rae8 16. Qd3 Qg6 17. Raf1 Rd8 18. Qe2 Nf6 {[%emt 0:05:15] [#]} (18... c6 $11) 19. Nd2 ({White should try} 19. Rxf6 $1 $14 gxf6 20. Rf3) 19... d5 $11 20. exd5 exd4 21. exd4 Nexd5 22. Nxd5 (22. Nc4 $5 ) 22... Rxd5 23. Qc4 {[%emt 0:00:35][%cal Of3f6] And now Rxf6! would win.} c6 24. Rb3 Rb5 25. Nf3 Nd5 26. Ne5 Qe4 {[%emt 0:00:00] Strongly threatening ...Rxb3.} 27. Rxb5 axb5 28. Qd3 Qxd3 29. Nxd3 {[%emt 0:00:01][%mdl 4096] Endgame KRN-KRN} Ra8 30. Ra1 Kf8 31. Kf2 Ke7 32. Nc5 b6 {[%emt 0:00:26] [#]} 33. axb6 Nxb6 (33... Rxa1 $2 34. b7 Kf6 35. b8=Q $18) 34. Rxa8 Nxa8 {[%emt 0:00:01] KN-KN} 35. Nd3 Kd6 36. b3 Nb6 37. Kf3 Nd7 38. c4 bxc4 $1 39. bxc4 c5 40. Ke3 cxd4+ 41. Kxd4 Nb8 42. c5+ Ke6 43. Nb4 g5 44. Kc4 f5 45. c6 {[%emt 0:00:36] Intending c7 and mate.} Kd6 46. Kb5 g4 47. hxg4 fxg4 48. g3 h5 49. Kb6 $2 {[%emt 0:00:13][%mdl 8192] [#]} (49. c7 $11 Kxc7 50. Nd5+ Kd8 51. Nf4) 49... h4 $2 ({Black should play} 49... Nxc6 $1 $19 50. Nd3 (50. Nxc6 Kd5) 50... Ne7) 50. c7 {[%emt 0:00:09] The position is equal.} Nd7+ 51. Kb7 Nc5+ 52. Kb8 Nd7+ 53. Kb7 Nc5+ 54. Kb8 Nd7+ {[%emt 0:00:01] Weighted Error Value: White=0.22 (precise) /Black=0.17 (very precise)} 1/2-1/2

[Event "FIDE WTC Prel-B 2022"]
[Site "Jerusalem"]
[Date "2022.11.20"]
[Round "1.23"]
[White "Mamedov, Rauf"]
[Black "Vokhidov, Shamsiddin"]
[Result "1-0"]
[ECO "B51"]
[WhiteElo "2646"]
[BlackElo "2568"]
[Annotator "TA"]
[PlyCount "65"]
[EventDate "2022.11.20"]
[EventType "team-tourn"]
[EventCountry "ISR"]
[SourceTitle "playchess.com"]
[Source "ChessBase"]
[SourceQuality "1"]
[WhiteTeam "Azerbaijan"]
[BlackTeam "Uzbekistan"]
[WhiteTeamCountry "AZE"]
[BlackTeamCountry "UZB"]
[TimeControl "2700+10"]

1. e4 c5 2. Nf3 d6 3. Bb5+ Nd7 4. c3 Ngf6 5. Qe2 a6 6. Ba4 b5 7. Bc2 Bb7 {[%emt 0:00:13] B51: Sicilian: Moscow Variation (3 Bb5+) without 3...Bd7.} 8. d4 e6 9. a4 Be7 {[%emt 0:00:53] The position is equal.} 10. e5 dxe5 11. dxe5 Nd5 12. O-O {[%emt 0:00:05] [#]} Qb6 $146 ({Predecessor:} 12... c4 13. Na3 O-O 14. h4 Qb6 15. Rd1 Bc5 16. Nd4 Rfe8 17. f4 f6 18. Kh1 Bxd4 19. Rxd4 {0-1 (65) Hoppe,A-Kaiser,C freechess.de 2019}) 13. Nbd2 Nf4 14. Qe3 Nd5 15. Qe1 Qc7 (15... c4 {with more complications.} 16. Nd4 Nb4 17. Be4 Nd3) 16. axb5 (16. Nb3 {is interesting.} N5b6 17. axb5 axb5 18. Rxa8+ Bxa8 19. Qe2) 16... axb5 17. Rxa8+ Bxa8 18. c4 bxc4 19. Nxc4 N5b6 20. Nxb6 Nxb6 21. Qe2 O-O 22. Ng5 g6 23. h4 Bd5 24. Re1 {[%emt 0:01:45][%cal Og5h7] Nxh7! is the strong threat.} Ra8 {[%emt 0:07:01] [#]} ({Better is} 24... Bxg5 $11 25. Bxg5 Ra8) 25. h5 (25. Nxh7 $1 $14 Kxh7 (25... Bxh4 26. Qg4) 26. Qh5+ Kg7 27. Qh6+ Kg8 28. Bxg6 fxg6 29. Qxg6+ Kh8 30. Qh5+ Kg8 31. Re3 (31. Qg6+ Kh8 $16)) 25... Bf8 (25... Bxg5 $5 26. Bxg5 Qb7 $11) 26. Qg4 {[%emt 0:01:20][%cal Og5h7] Strongly threatening Nxh7!} Ra1 27. Bd2 (27. hxg6 $16 hxg6 28. Bxg6 $1 fxg6 29. Nxe6 Bxe6 30. Qxg6+ (30. Qxe6+ Kh7 $11) 30... Kh8 31. Qxe6) 27... Rxe1+ $11 28. Bxe1 {[%emt 0:00:01] Black must now prevent Ba5.} Nc4 {[%emt 0:04:25] Prevents Ba5.} (28... Qxe5 $2 29. Bc3 Qc7 {[#]} 30. Nxh7 $1 $18 ) 29. Bc3 $36 {[%emt 0:00:04][%cal Og5h7][%mdl 2048] White fights for an advantage.} Nxe5 {[%emt 0:02:02] [#]} 30. hxg6 $1 fxg6 31. Qh3 {[%emt 0:00:02] And now Bxe5 would win.} h5 $2 (31... h6 $1 $11 {and Black has nothing to worry.} 32. Nxe6 Qd7) 32. Bxg6 $18 ({Weaker is} 32. Nxe6 Qd7 $16) 32... Qg7 (32... Nxg6 $18 33. Qxh5 e5) 33. Bh7+ {[%emt 0:00:03] Weighted Error Value: White=0.15 (very precise) /Black=0.50} 1-0

[Event "FIDE WTC Prel-B 2022"]
[Site "Jerusalem"]
[Date "2022.11.20"]
[Round "1.24"]
[White "Vakhidov, Jakhongir"]
[Black "Suleymanli, Aydin"]
[Result "1-0"]
[ECO "A23"]
[WhiteElo "2607"]
[BlackElo "2543"]
[Annotator "TA"]
[PlyCount "105"]
[EventDate "2022.11.20"]
[EventType "team-tourn"]
[EventCountry "ISR"]
[SourceTitle "playchess.com"]
[Source "ChessBase"]
[SourceQuality "1"]
[WhiteTeam "Uzbekistan"]
[BlackTeam "Azerbaijan"]
[WhiteTeamCountry "UZB"]
[BlackTeamCountry "AZE"]
[TimeControl "2700+10"]

1. c4 e5 2. g3 Nf6 3. Bg2 Bc5 4. d3 c6 5. Nc3 O-O 6. Nf3 {[%emt 0:00:02] A23: English Opening: 1...e5 2 Nc3 Nf6 3 g3 c6.} d6 7. O-O Re8 8. d4 $5 {[%emt 0:05:39][%mdl 4] The position is equal. Exploring less charted territory.} exd4 9. Nxd4 a5 10. b3 Nbd7 {[%emt 0:02:18] [#]} 11. Na4 $146 ({Predecessor:} 11. Bb2 Ne5 12. h3 h5 13. e3 h4 14. g4 Nfxg4 15. hxg4 Bxg4 16. f3 Bd7 17. Qd2 {0-1 (28) Vrolijk,L (2462)-Van Foreest,J (2632) Amstelveen 2019}) 11... Ne5 12. Bb2 Ba7 13. Qc2 d5 14. Rad1 Qe7 15. cxd5 Nxd5 16. Nc3 Nb4 17. Qb1 Bg4 18. h3 Rad8 19. Nf5 Bxf5 20. Qxf5 Qe6 21. Qxe6 fxe6 22. Be4 Rf8 23. a3 Nd5 24. Bc2 {[%emt 0:00:30] Strongly threatening Nxd5. A strong pair of Bishops.} Nd7 25. Ne4 N7f6 {[%emt 0:02:28] [#]} 26. Nxf6+ ({Better is} 26. Ng5 $1 $16 ) 26... Nxf6 27. Bd3 Kf7 28. Kg2 Rd5 29. Bc4 Rxd1 30. Rxd1 Ke7 31. e3 {[%emt 0:00:24] White is more active.} Bc5 32. Rd2 g6 33. Rc2 Bd6 34. Be2 Ne4 35. Bf3 Nc5 36. Rc3 Be5 (36... Kd7 $11) 37. Rxc5 $16 Bxb2 38. Rxa5 {[%emt 0:00:02][%mdl 4096] Endgame KRB-KRB} Kd6 39. b4 Kc7 40. h4 Rd8 41. Be4 Rd2 (41... Rd1 $142) 42. h5 Bc1 43. hxg6 hxg6 44. Bxg6 Ra2 45. Re5 Bxa3 (45... Kd6 $16 46. Re4 Bxa3) 46. Rxe6 $18 ({Don't play} 46. Ra5 $6 Ra1 47. g4 Kd6) 46... Bxb4 47. g4 Ra8 (47... Kd7 $16 48. Rf6 Be7 49. Bf5+ Kc7) 48. g5 Bd6 $2 (48... Rf8 {is a better defense.} 49. Bb1 Rd8) 49. f4 b5 50. Bf7 {[%emt 0:00:09] White is clearly winning.} b4 51. Re4 Rf8 (51... Bf8 $142 52. Bc4 Kd8) 52. Bb3 {[%emt 0:00:08] [#] Kf3 is the strong threat.} Kd7 (52... Ra8 $142 53. g6 Bf8) 53. Kf3 {[%emt 0:00:03] Weighted Error Value: White=0.15 (very precise) /Black=0.27 (precise)} 1-0